 Dungeon Crawl Stone Soup version 0.27.1-33-g824d729ab1 (webtiles) character file.

Game seed: 14890770780014402358

90 croobank the Covert (level 4, -4/21 HPs)
             Began as a Felid Delver on Dec 9, 2021.
             Slain by a wyvern (16 damage)
             ... on level 3 of the Dungeon.
             The game lasted 00:18:41 (4658 turns).

croobank the Covert (Felid Delver)                  Turns: 4658, Time: 00:18:41

Health: -4/21      AC:  1    Str:  9    XL:     4   Next: 32%
Magic:  0/5        EV: 18    Int: 11    God:
Gold:   145        SH:  0    Dex: 18    Spells: 3/3 levels left
                                        Lives:  0   Deaths: 1

rFire    . . .     SeeInvis +     - Unarmed
rCold    . . .     Faith    .   (shield unavailable)
rNeg     . . .     Spirit   +   (armour unavailable)
rPois    .         Reflect  .   (helmet unavailable)
rElec    .         Harm     .   (cloak unavailable)
rCorr    .         Rampage  .   (gloves unavailable)
Will     +....                  (boots unavailable)
Stlth    ++++......             n - amulet of guardian spirit
HPRegen  0.07/turn              g - ring of willpower
MPRegen  0.09/turn              (no ring)

@: attractive, hasted, very quick
A: very small, claws 1, fangs 3, see invisible, speed 1, shaggy fur 1, stealthy
paws, no weapons or thrown items, no armour, multi-lived
a: no special abilities


You were on level 3 of the Dungeon.
You visited 1 branch of the dungeon, and saw 5 of its levels.

You collected 145 gold pieces.

Inventory:

Missiles
 d - 35 stones
 j - 17 sling bullets
Jewellery
 g - a ring of willpower (left paw)
 n - an amulet of guardian spirit (around neck)
Wands
 b - a wand of iceblast (5)
 e - a wand of digging (3)
Scrolls
 a - 2 scrolls of fog
 c - a scroll of identify
 o - 3 scrolls of teleportation
Potions
 f - a potion of flight


   Skills:
 + Level 3.3 Fighting
 + Level 3.4 Dodging
 + Level 8.3 Stealth
 + Level 3.6 Unarmed Combat


You had 3 spell levels left.
You didn't know any spells.
Your spell library contained the following spells:

 Spells                   Type           Power      Damage    Failure   Level
 Summon Forest            Summ/Tloc      0%         N/A       100%        5
 Eringya's Noxious Bog    Tmut/Pois      0%         N/A       100%        6
 Summon Hydra             Summ           0%         N/A       100%        7


Dungeon Overview and Level Annotations

Branches:
Dungeon (5/15)
 Temple: D:4-7

Altars:
Ashenzari

Annotations:
D:4 Menkaure


Innate Abilities, Weirdness & Mutations

You have sharp claws.
You have razor-sharp teeth.
You have supernaturally acute eyesight. (SInv)
You cover ground quickly. (Speed+)
You are covered in fur. (AC +1)
Your paws help you pounce on unaware monsters.
You are incapable of wielding weapons or throwing items.
You cannot wear armour.
You gain extra lives every three experience levels.


Message History

The wyvern misses you. The ball python misses you.
The ball python constricts you.
You are now level 4!
You rejoin the land of the living...
Something loses its grip on you. The ball python completely misses you.
The ball python grabs you. The ball python constricts you.
You closely miss the ball python. The ball python bites you.
The ball python constricts you. The ball python bites you.
The ball python constricts you.
You scratch the ball python. You bite the ball python.
You kill the ball python!
There is an escape hatch in the ceiling here.
You see here a ball python corpse.
Okay, then.
It was a potion of attraction.
You feel attractive to monsters. The wyvern is pulled toward you!
You feel yourself speed up. The wyvern is pulled toward you!
You barely miss the wyvern.
The wyvern hisses angrily.
The wyvern is heavily wounded.
The wyvern barely misses you.
You scratch the wyvern but do no damage.
The wyvern is moderately wounded.
The wyvern barely misses you.
You closely miss the wyvern. You bite the wyvern.
The wyvern is heavily wounded.
The wyvern misses you.
You scratch the wyvern.
The wyvern is severely wounded.
The wyvern barely misses you.
You barely miss the wyvern.
The wyvern is severely wounded.
The wyvern bites you!
You barely miss the wyvern. Your bite misses the wyvern.
The wyvern is severely wounded.
The wyvern bites you!!
Ouch! That really hurt!
You die...

#.#).#..#...# #.#
#.##.##..†### #.#
#..#....###.. #.#
##..†.###.... #.#
#...###....?. #.#
#.###......##
#.####'#..÷.÷.###.
#.l..#......###...
#@# ##......##..#
#.# ###......##..
#.####.##......##.
#..>.#..##......##
#.#####..##....÷.#
#.# #....##......
#.# #.##..##.....
#.# ###...†##....
#.####...##..##...


You could see a wyvern.

Vanquished Creatures
  A hound (D:3)
  Jessica (D:2)
  2 gnolls
  2 adders
  2 worms (D:3)
  14 endoplasms
  2 giant cockroaches
  4 goblins
  5 hobgoblins
  9 jackals
  5 quokkas
  10 ball pythons
  10 bats
  4 frilled lizards
  A kobold (D:1)
  5 rats
77 creatures vanquished.

Vanquished Creatures (others)
  A fungus (D:1)
  5 plants (D:1)
6 creatures vanquished.

Grand Total: 83 creatures vanquished

Notes
Turn   | Place    | Note
-------+----------+-------------------------------------------
     0 | D:5      | croobank the Felid Delver began the quest for the Orb.
     0 | D:5      | Reached XP level 1. HP: 10/10 MP: 2/2
     7 | D:5      | Noticed a sky beast
    34 | D:4      | Noticed Menkaure
    38 | D:4      | Noticed a wyvern
   136 | D:3      | Reached skill level 7 in Stealth
   136 | D:3      | Reached XP level 2. HP: 14/14 MP: 3/3
   854 | D:2      | Noticed Jessica
   873 | D:1      | Reached XP level 3. HP: 10/17 MP: 4/4
  1389 | D:1      | Found a faded altar of an unknown god.
  2505 | D:2      | Reached XP level 4. HP: 21/21 MP: 5/5
  2680 | D:2      | Killed Jessica
  2681 | D:2      | Reached skill level 8 in Stealth
  3085 | D:2      | Reached XP level 5. HP: 13/24 MP: 4/6
  3647 | D:3      | Found a broken altar of Ashenzari.
  4603 | D:3      | Slain by a wyvern
  4604 | D:3      | Reached XP level 4. HP: 0/21 MP: 0/5
  4658 | D:3      | Slain by a wyvern

Illustrated notes

Levels and vault maps discovered:
D:1:      nzn_arrival_settlement, layout_rooms, shapermc_ecumenical_altar_gd,
          serial_forest, infiniplex_forest_lined_room_2,
          infiniplex_forest_clump_cross, infiniplex_forest_lined_4_way,
          infiniplex_forest_straight_4, infiniplex_forest_end_3,
          infiniplex_forest_lined_1, infiniplex_forest_clump_large
D:2:      minmay_door_path, layout_basic, uniq_jessica
D:3:      minmay_razor_zed, layout_loops_ring, ashenzari_conservatory_becter
D:4:      layout_rooms, serial_shops, shop_statue, minmay_manual_monstrance,
          uniq_menkaure
D:5:      layout_basic, gup_sewer_entry_bubbles, grunt_ministairs_6,
          minmay_statues_item, minmay_large_rounded_square

Skill      XL: |  1  2  3  4 |
---------------+-------------+-----
Stealth        | 7 8 |  8.3
Dodging        | 3 |  3.4
Unarmed Combat | 3 |  3.6
Fighting       | |  3.3

Action                   |  1- 3 |  4- 6 || total
-------------------------+-------+-------++-------
Melee: Unarmed           |   143 |   117 ||   260
       Bite              |     7 |    10 ||    17
       Punch             |       |     3 ||     3
Evoke: Wand              |       |     1 ||     1
  Use: Scroll            |     2 |     7 ||     9
       Potion            |     3 |     3 ||     6
 Stab: Sleeping          |    21 |    11 ||    32
Armor: Skin              |     2 |     3 ||     5
Dodge: Dodged            |   117 |   100 ||   217
